← All builds
Tech / Armada / Economy first / OBSERVED BUILD

Standard tech

Armada Tech (Eco) build order · Supreme Isthmus

Rushes T2 by 4:15, gets Advanced Metal Extractor around 5:28, hands off T2 constructors to Geo and the team, then scales eco and supplies the team's T2 needs through the rest of the game.

Usually first T2 con to Geo (83%)

#eco #t2 #team support · 1574 distinct matches · 255 players · 58% of Armada Tech games · team won 53% of 1868 · Recently observed

HOW TO PLAY IT

Key timing: T2 factory by 4:15

  1. Open 3 mex and heavy wind to fund a fast T2 rush.
  2. Put down Bot Lab, planning to eat it for reclaim soon after.
  3. Get Advanced Bot Lab up, hitting the T2 factory rush timing.
  4. Upgrade mex to Advanced Metal Extractor to lock in team metal income.
  5. Eat Advanced Bot Lab and keep sending cons to Geo and Pond.

Phase by phase

TYPICAL OF ITS 1574 GAMES
  1. 1
  2. 2
  3. 3
  4. 4
PLAY THE OPENING

Follow the example game's first 6:00 step by step: what to build now, what comes next, and where it goes. At 1× it keeps pace with your own game.

  1. 1

    Up to the Bot Lab

    Economy
    • Metal Extractor3Mex
    • Wind Turbine4Wind
    Order
    1. Bot LabBot Lab after 3 mex, 4 winddone ~1:18, middle half 1:13–1:32

    Some games also: energy storage (31%)

    By 1:01 in all: 3 mex · 4 wind

    The example game in this phase · 5 steps
    1. Mex ×3
    2. Wind ×3
    3. Energy storage
    4. Wind
    5. Bot LabBot Labdone 1:35 · typical 1:18
  2. 2

    Bot Lab to Advanced Bot Lab

    Economy
    • Metal Extractor1Mex
    • Wind Turbine8Wind
    • Energy Storage1Energy storage
    Order
    1. Advanced Bot LabAdvanced Bot Lab after 4 mex, 12 wind, 3 con turretdone ~4:16, middle half 4:04–4:30
    Builders
    • Construction Turret3 Con turret
    • Lazarus3 Lazarus
    • Construction Bot2 Con bot
    • Construction Bot1 Con bot for allies

    Some games also: converter (36%)

    By 3:18 in all: 4 mex · 12 wind · 1 energy storage · 3 con turret

    The example game in this phase · 17 steps
    1. Construction BotCon botfor unknown
    2. LazarusLazarus ×2
    3. Construction BotCon bot
    4. LazarusLazarus
    5. Con turret ×2
    6. Construction BotCon bot
    7. Wind ×2
    8. Mex
    9. Con turret
    10. Wind
    11. Converter
    12. Wind ×3
    13. Con turret
    14. Wind ×3
    15. Converter
    16. Wind ×6
    17. Advanced Bot LabAdvanced Bot Labdone 4:46 · typical 4:16
  3. 3

    Advanced Bot Lab to 5:00

    Economy
    • Wind Turbine3Wind
    Order
    1. Bot LabEat Bot Lab
    Builders
    • Advanced Construction Bot1 T2 con bot for allies

    Some games also: converter (35%)

    By 5:00 in all: 4 mex · 15 wind · 1 converter · 1 energy storage · 3 con turret

    The example game in this phase · 7 steps
    1. LazarusLazarus
    2. Wind
    3. Bot LabEat Bot Labreclaimed for its metal
    4. Wind ×2
    5. Converter ×2
    6. Advanced Construction BotT2 con botfor Geo
    7. Wind
  4. 4

    5:00 to 10:00

    Economy
    • Wind Turbine43Wind
    • Energy Converter6Converter
    Builders
    • Butler9 Butler
    • Advanced Construction Bot4 T2 con bot for allies
    • Advanced Construction Bot1 T2 con bot

    Some games also: con turret (43%) · Butler for allies (37%)

    By 10:00 in all: 4 mex · 58 wind · 8 converter · 1 energy storage · 3 con turret

    The example game in this phase · 138 steps
    1. Advanced Construction BotT2 con botfor unknown
    2. Wind
    3. Advanced Metal ExtractorT2 mexdone 6:07 · typical 5:29
    4. Wind ×2
    5. Advanced Construction BotT2 con botfor Geo sea
    6. Converter
    7. Wind
    8. Converter ×5
    9. Wind
    10. Converter
    11. Advanced Metal ExtractorT2 mex ×2
    12. Wind
    13. Advanced Metal ExtractorT2 mex
    14. ButlerButler ×4
    15. ButlerButler ×2for Geo sea
    16. Wind ×3
    17. Metal storage
    18. Wind ×2
    19. Advanced Construction BotT2 con botfor Beach sea
    20. Wind ×3
    21. Con turret
    22. Wind ×3
    23. Advanced Construction BotT2 con botfor Pond
    24. Wind ×7
    25. Advanced Construction BotT2 con botfor Front
    26. Wind ×5
    27. Advanced Construction BotT2 con bot
    28. Wind ×14
    29. Con turret
    30. Wind ×2
    31. Advanced Bot LabEat Advanced Bot Labreclaimed for its metal
    32. Wind
    33. Bot LabBot Labdone 10:42
    34. Wind ×2
    35. Con turret
    36. Wind ×2
    37. Con turret
    38. Wind
    39. Con turret
    40. Construction BotCon bot
    41. Wind ×2
    42. Construction BotCon bot
    43. Wind ×2
    44. Bot LabBot Labdone 10:56
    45. Wind
    46. Construction BotCon bot
    47. Wind
    48. Construction BotCon bot ×2
    49. Wind
    50. Construction BotCon bot
    51. Wind
    52. Construction BotCon bot ×2
    53. Wind
    54. Construction BotCon bot
    55. Wind
    56. Construction BotCon bot ×2
    57. Wind
    58. Construction BotCon bot
    59. Wind ×2
    60. Construction BotCon bot
    61. Wind
    62. Construction BotCon bot
    63. Wind ×2
    64. Construction BotCon bot ×2
    65. Wind ×2
    66. Construction BotCon bot ×2
    67. Wind ×3
    68. Construction BotCon bot
    69. Wind ×2
    70. Construction BotCon bot
    71. Wind ×25
    72. Bot LabEat Bot Labreclaimed for its metal
    73. Wind ×3
    74. Bot LabEat Bot Labreclaimed for its metal
    75. Wind ×11
    76. CitadelAnti-nukedone 13:20
    77. Wind ×20
    78. Converter
    79. Wind ×4
    80. Aircraft PlantAircraft Plantdone 12:55
    81. Wind ×11
    82. Construction AircraftCon aircraft
    83. Converter
    84. Wind ×12
    85. Construction AircraftCon aircraft
    86. Wind ×11
    87. Construction AircraftCon aircraft
    88. Wind ×3
    89. T2 converter
    90. Wind ×3
    91. Converter
    92. Wind ×8
    93. Aircraft PlantAircraft Plantnot finished by 15:00
    94. Wind
    95. Converter
    96. Wind ×4
    97. Aircraft PlantEat Aircraft Plantreclaimed for its metal
    98. Wind ×6
    99. Aircraft PlantEat Aircraft Plantreclaimed for its metal
    100. Wind ×4
    101. Converter
    102. Wind ×3
    103. Con turret
    104. Wind ×2
    105. Converter
    106. Con turret
    107. Wind ×8
    108. Con turret
    109. Wind ×4
    110. Con turret
    111. Wind ×2
    112. Converter
    113. Con turret
    114. Wind ×9
    115. Converter
    116. Wind ×5
    117. Converter
    118. T2 converter
    119. Wind ×4
    120. Converter
    121. Wind ×7
    122. Converter
    123. Wind ×6
    124. Converter
    125. Wind ×4
    126. T2 converter
    127. Wind
    128. Converter
    129. Wind ×8
    130. Converter
    131. Wind ×6
    132. Converter
    133. Wind ×4
    134. T2 converter
    135. Wind ×2
    136. Fusion ReactorFusionnot finished by 15:00
    137. Converter
    138. Wind ×9

Counts are medians over the build's games: half of them build more, half fewer. The example game is theogbob's (31 OS, 19/08/2026); pick another.

Team trades

IN AT LEAST 30% OF ITS GAMES

You hand over

  • Construction Bot1 Con bot to Airfirst at 2:24 · in 84% of games
  • Advanced Construction Bot5 T2 con bot to Air or Geo sea or Pondfirst at 4:50 · in 99% of games
  • Butler2 Butler to Geo sea or Beach sea or Pondfirst at 9:07 · in 42% of games

You get

  • Hercules1 Light transport from Airfirst at 4:01 · in 86% of games

How it plays out

Typical game of this build, running totals by minute

Metal produced

020k40k
0:005:0010:0015:00

metal

Enemy metal destroyed

050100
0:005:0010:0015:00

metal

Own metal lost

050100150
0:005:0010:0015:00

metal

1868 games.

Show as table
ByMetal produced: This buildEnemy metal destroyed: This buildOwn metal lost: This build
1:0038300
2:0091500
3:00165100
4:00314300
5:00484800
6:00580000
7:00722700
8:00906100
9:001116900
10:001350200
11:001623900
12:001965200
13:002344100
14:0027357074
15:003153885130
WHAT THE NUMBERS SAY

Standard Tech play barely fights at all early, instead pouring metal into T2 infrastructure and constructors for the team.

  • + Metal produced hits 31679 by 15:00, by far the highest of any role here.
  • + T2 factory reached in 97% of games by 4:15, fastest and most reliable T2 timing.
  • − Enemy metal destroyed stays at 0 through 10:00, no early offense at all.
  • − Own metal lost also near 0, showing total avoidance of combat risk.
THE EXAMPLE YOU ARE READING

theogbob

30.6 OS · 19/08/2026

Open source match ↗

1 received units
3833 metal received · 30058 energy received

Allied construction assistance is unknown. Timings are observations, not a promise of solo reproducibility.

Typical milestones

Bot Lab1:18Middle 50%: 1:13–1:32 · n=1868
Advanced Bot Lab4:16Middle 50%: 4:04–4:30 · n=1861
Advanced Metal Extractor5:29Middle 50%: 5:06–5:59 · n=1864

Played most by

Amrissa93games of this buildTheGeneraI66games of this buildAdeus57games of this buildEl_Turco56games of this buildKOT_43games of this build